 Dungeon Crawl Stone Soup version 0.20-a0-785-g17250f0 (webtiles) character file.

2542 Uisgiebeatha the Slasher (level 9, -15/72 HPs)
             Began as a Demonspawn Wanderer on Feb 27, 2017.
             Was a Believer of Okawaru.
             Demolished by a two-headed ogre
             ... wielding a +0 giant club
              (18 damage)
             ... on level 8 of the Dungeon.
             The game lasted 00:14:17 (6479 turns).

Uisgiebeatha the Slasher (Demonspawn Wanderer)      Turns: 6479, Time: 00:14:19

Health: -15/72     AC: 14    Str: 17    XL:     9   Next: 30%
Magic:  9/9        EV:  9    Int: 13    God:    Okawaru [**....]
Gold:   331        SH:  0    Dex: 12    Spells: 8/8 levels left

rFire    . . .     SeeInvis .   a - +3 mace
rCold    . . .     Gourm    .   t - +1 scale mail
rNeg     . . .     Faith    .   (no shield)
rPois    .         Spirit   .   (helmet restricted)
rElec    .         Reflect  .   (no cloak)
rCorr    .         Harm     .   (no gloves)
MR       .....                  (no boots)
Stlth    ..........             (no amulet)
Regen    0.3/turn               (no ring)
MPRegen  0.2/turn               (no ring)

@: no status effects
A: horns 1, iridescent scales 3, powered by death 1, spiny 1
a: Heroism, Renounce Religion


You were on level 8 of the Dungeon.
You worshipped Okawaru.
Okawaru was pleased with you.
You were hungry.

You visited 2 branches of the dungeon, and saw 9 of its levels.

You collected 331 gold pieces.

Inventory:

Hand Weapons
 a - a +3 mace (weapon)
 q - a +0 long sword
Missiles
 b - 21 arrows
Armour
 e - a +0 robe
 t - a +1 scale mail (worn)
Jewellery
 r - an uncursed ring of fire
Wands
 s - a wand of iceblast (15/15)
 v - a wand of lightning (5/15)
 w - a wand of acid (2/15)
 y - a wand of confusion (25/48)
Scrolls
 f - a scroll of amnesia
 h - 2 scrolls of immolation
 i - 7 scrolls of identify
 k - 4 scrolls of teleportation
 l - 5 scrolls of remove curse
 m - a scroll of enchant weapon
 o - a scroll of magic mapping {unknown}
 B - a scroll of fog
Potions
 c - a potion of heal wounds
 d - 2 potions of lignification
 g - a potion of flight
 n - a potion of haste
 p - a potion of agility {unknown}
 u - a potion of berserk rage {unknown}
 C - a potion of brilliance {unknown}
 D - a potion of curing
Books
 E - a book of Conjurations

   Spells                             Type                      Level
   a - Magic Dart                     Conjuration                  1
   b - Searing Ray                    Conjuration                  2
   c - Dazzling Spray                 Conjuration/Hexes            3
   d - Fulminant Prism                Conjuration/Hexes            4
   e - Force Lance                    Conjuration/Translocation    4
   f - Iskenderun's Mystic Blast      Conjuration                  4
Comestibles
 j - 4 meat rations
 x - 6 bread rations
 A - 2 royal jellies


   Skills:
 - Level 7.3 Fighting
 + Level 7.6 Long Blades
 - Level 2.6 Maces & Flails
 - Level 1.0 Throwing
 - Level 5.6 Armour
 - Level 1.0 Stealth
   Level 1.0 Transmutations
   Level 1.7 Earth Magic


You had 8 spell levels left.
You didn't know any spells.

Dungeon Overview and Level Annotations

Branches:
Dungeon (8/15)             Temple (1/1) D:4
   Lair: D:8-11

Altars:
Ashenzari
Cheibriados
Dithmenos
Elyvilon
Fedhas
Gozag
Hepliaklqana
Kikubaaqudgha
Makhleb
Nemelex Xobeh
Okawaru
Qazlal
Ru
Sif Muna
Trog
Vehumet
Wu Jian
Yredelemnul
Zin
The Shining One


Innate Abilities, Weirdness & Mutations

You have a pair of small horns on your head.
You are completely covered in iridescent scales. (AC +6)
You regenerate a little health from kills.
You are partially covered in sharp spines.


Message History

You hit the two-headed ogre. You headbutt the two-headed ogre.
The two-headed ogre is severely wounded.
You barely miss the two-headed ogre.
The two-headed ogre is severely wounded.
The two-headed ogre seems less confused.
The two-headed ogre is struck by your spines.
The two-headed ogre closely misses you.
The two-headed ogre hits you with a giant club.
You hit the two-headed ogre.
The two-headed ogre is severely wounded.
The two-headed ogre barely misses you.
The two-headed ogre hits you with a giant club!
You sock the two-headed ogre!
Your headbutt misses the two-headed ogre.
The two-headed ogre is almost dead.
The two-headed ogre is struck by your spines.
The two-headed ogre hits you with a giant club!!
* * * LOW HITPOINT WARNING * * *
The two-headed ogre hits you with a giant club!!
You die...

..# #........# ...#
#........## #.(.#
##....#.#.<##
#...####......_....#
#...........#.##...
#............#
##.....##....##
##....####...##
##...## ##O@.###...
#.....## ##........
##......# ##.......
####...##..##
#......
......####..###
......
........###...##
...... ........#
##...##.......
........#
##...........
........#
#...........


You could see a two-headed ogre.

Vanquished Creatures
  The ghost of Malvoorn the Carver, a novice TeBe of Trog (D:5)
  A spriggan (D:7)
  Duvessa (D:5)
  2 ice beasts
  A black bear (D:7)
  An ogre (D:4)
  A necrophage (D:8)
  2 centaurs
  A crocodile (D:7)
  2 bullfrogs (D:7)
  A gnoll sergeant (D:5)
  Dowan (D:6)
  2 scorpions
  A centaur zombie (D:5)
  3 crimson imps
  A quasit (D:7)
  5 hounds
  2 jellies
  A bullfrog skeleton (D:5)
  3 orc priests
  2 iguanas
  4 worker ants (D:5)
  A killer bee zombie (D:7)
  A hound skeleton (D:5)
  A worker ant zombie (D:5)
  13 adders
  7 gnolls
  2 shadow imps
  An adder zombie (D:4)
  A worm (D:2)
  5 leopard geckos
  20 orcs
  5 bats
  6 giant cockroaches
  17 goblins
  8 hobgoblins
  5 jackals
  7 quokkas
  2 ball pythons
  6 frilled lizards
  A giant cockroach zombie (D:5)
  12 kobolds
  2 leopard gecko skeletons
  2 quokka skeletons
  14 rats
178 creatures vanquished.

Notes
Turn   | Place    | Note
-------+----------+-------------------------------------------
     0 | D:1      | Uisgiebeatha the Demonspawn Wanderer began the quest for the Orb.
     0 | D:1      | Uisgiebeatha set off with: a +2 mace, a +0 shortbow, 25 arrows, a potion of lignification, a +0 robe, a bread ration
     0 | D:1      | Reached XP level 1. HP: 16/16 MP: 1/1
   154 | D:1      | Gained mutation: You regenerate a little health from kills. [demonic ancestry]
   154 | D:1      | Reached XP level 2. HP: 17/23 MP: 2/2
  1040 | D:2      | Gained mutation: You are partially covered in sharp spines. [demonic ancestry]
  1040 | D:2      | Reached XP level 3. HP: 30/30 MP: 3/3
  1230 | D:2      | Found an ancient bone altar of Kikubaaqudgha.
  1401 | D:2      | Found a deep blue altar of Sif Muna.
  1486 | D:2      | HP: 1/30 [worm (11)]
  1748 | D:1      | Gained mutation: You have a pair of small horns on your head. [demonic ancestry]
  1748 | D:1      | Reached XP level 4. HP: 34/37 MP: 4/4
  1882 | D:3      | Reached skill level 1 in Armour
  2294 | D:3      | Gained mutation: You are partially covered in iridescent scales. (AC +2) [demonic ancestry]
  2294 | D:3      | Reached XP level 5. HP: 32/43 MP: 5/5
  2739 | D:3      | Reached skill level 5 in Fighting
  3032 | D:4      | Found an ornate altar of the Wu Jian Council.
  3078 | D:4      | Gained mutation: You are mostly covered in iridescent scales. (AC +4) [demonic ancestry]
  3078 | D:4      | Reached XP level 6. HP: 36/51 MP: 6/6
  3424 | D:4      | Found a staircase to the Ecumenical Temple.
  3430 | Temple   | Entered the Ecumenical Temple
  3522 | D:4      | Gained mutation: You are completely covered in iridescent scales. (AC +6) [demonic ancestry]
  3522 | D:4      | Reached XP level 7. HP: 49/58 MP: 7/7
  4018 | D:5      | Entered Level 5 of the Dungeon
  4127 | D:5      | Found an iron altar of Okawaru.
  4132 | D:5      | Became a worshipper of Warmaster Okawaru
  4215 | D:5      | Found a basalt altar of Yredelemnul.
  4217 | D:5      | Noticed a profane servitor
  4226 | D:5      | Found a glowing golden altar of the Shining One.
  4228 | D:5      | Noticed an angel
  4498 | D:5      | Noticed Malvoorn's ghost (novice TeBe)
  4532 | D:5      | Killed Malvoorn's ghost
  4532 | D:5      | Reached * piety under Okawaru
  4532 | D:5      | Reached skill level 5 in Armour
  4532 | D:5      | Reached XP level 8. HP: 38/67 MP: 8/8
  4579 | D:5      | Found a sparkling altar of Nemelex Xobeh.
  4913 | D:6      | Noticed Dowan
  4927 | D:6      | Noticed Duvessa
  5258 | D:6      | Killed Dowan
  5266 | D:5      | Killed Duvessa
  5370 | D:6      | Reached skill level 5 in Long Blades
  5464 | D:6      | Reached ** piety under Okawaru
  6014 | D:7      | Reached XP level 9. HP: 70/72 MP: 9/9
  6029 | D:7      | Found a white marble altar of Elyvilon.
  6140 | D:7      | Found an opulent altar of Gozag.
  6448 | D:8      | Found a shadowy altar of Dithmenos.
  6460 | D:8      | Noticed a two-headed ogre
  6479 | D:8      | HP: 3/72 [two-headed ogre/giant club (22)]
  6479 | D:8      | Demolished by a two-headed ogre

Vault maps used:
D:1:      dpeg_arrival_stone_temple_mockup
D:2:      lemuel_doored_altar, overflow_temple_1_default
D:3:      corexii_shack_village, serial_co_window_serial, co_window_corner_a,
          co_window_paths_b, co_window_corner_a, co_window_paths_a,
          co_window_paths_a, co_window_of_opportunity_b, co_window_corner_b,
          co_window_unsneaky_path_e, co_window_of_opportunity_c,
          co_window_2corner, glass_columns_a, minmay_close_crescents
D:4:      old_standard_altar, temple_green, first_bread
D:5:      grunt_temple_overflow_holy_war, kennysheep_little_box,
          nemelex_xobeh_ov_fountains_minmay
D:6:      uniq_duvessa
D:7:      lemuel_round_altar, elyvilon_altar_3, the_bakery
D:8:      lemuel_crystal_altar, serial_shops, shop,
          minmay_guarded_unrand_finisher
Temple:   jpeg_temple_alley_garden

Skill      XL: |  1  2  3  4  5  6  7  8  9 |
---------------+----------------------------+-----
Fighting       | 3 4 5 6 7 |  7.3
Armour         | 2 3 4 5 |  5.6
Long Blades    | 6 7 |  7.6
Maces & Flails | |  2.6
Throwing       | |  1.0
Stealth        | |  1.0
Transmutations | |  1.0
Earth Magic    | |  1.7

Action                   |  1- 3 |  4- 6 |  7- 9 || total
-------------------------+-------+-------+-------++-------
Melee: Mace              |    90 |   131 |   214 ||   435
       Headbutt          |       |    16 |    32 ||    48
 Fire: Shortbow          |     3 |       |     2 ||     5
Evoke: Wand              |       |       |     2 ||     2
  Use: Potion            |       |     4 |     4 ||     8
       Scroll            |       |       |    10 ||    10
 Stab: Sleeping          |     2 |     3 |     1 ||     6
  Eat: Chunk             |     1 |     2 |    10 ||    13
       Bread ration      |     1 |       |       ||     1
Armor: Robe              |     8 |    29 |     4 ||    41
       Scale mail        |       |       |   140 ||   140
Dodge: Dodged            |    47 |    77 |   133 ||   257
